 Dungeon Crawl Stone Soup version 0.28-a0-1241-gf280a0fbb2 (webtiles) character file.

Game seed: 2122659582984371359

343 Gargoyl the Skirmisher (level 6, -1/45 (53) HPs)
             Began as a Gnoll Abyssal Knight on Dec 26, 2021.
             Was a Believer of Lugonu.
             Slain by an iguana (10 damage)
             ... on level 3 of the Dungeon.
             The game lasted 00:03:38 (3475 turns).

Gargoyl the Skirmisher (Gnoll Abyssal Knight)       Turns: 3475, Time: 00:03:38

HP:   -1/45 (53)    AC:  6    Str: 15    XL:     6   Next: 57%
MP:   9/9           EV: 11    Int:  9    God:    Lugonu [**....]
Gold: 199           SH:  0    Dex: 12    Spells: 9/9 levels left

rFire   + . .      SeeInvis .   a - +1 hand axe
rCold   + . .      Faith    .   (no shield)
rNeg    . . .      Spirit   .   j - +0 ring mail
rPois   .          Reflect  .   (no helmet)
rElec   .          Harm     .   g - scarf {rC+ rF+}
rCorr   .          Rampage  .   (no gloves)
Will    .....                   (no boots)
Stlth   +.........              (no amulet)
HPRegen 0.15/turn               (no ring)
MPRegen 0.11/turn               (no ring)

@: heavily drained
A: fangs 1, strong nose, distributed training
a: Renounce Religion, Depart the Abyss, Bend Space


You were on level 3 of the Dungeon.
You worshipped Lugonu.
Lugonu was pleased with you.
You visited 1 branch of the dungeon, and saw 4 of its levels.
You visited the Abyss 1 time.

You collected 199 gold pieces.

Inventory:

Hand Weapons
 a - a +1 hand axe (weapon)
Armour
 g - a scarf of resistance (worn)
 j - a +0 ring mail (worn)
Wands
 e - a wand of acid (4)
Scrolls
 b - a scroll of teleportation
 h - a scroll of identify
 k - a scroll of holy word {unknown}
 l - a scroll of fog {unknown}
 m - a scroll of enchant armour {unknown}
 n - a scroll of vulnerability {unknown}
Potions
 d - a potion of haste {unknown}
 f - a potion of mutation {unknown}
 i - 2 potions of brilliance


   Skills:
 + Level 6.8 Fighting
 + Level 2.0 Short Blades
 + Level 2.0 Long Blades
 + Level 5.0 Axes
 + Level 2.0 Maces & Flails
 + Level 2.0 Polearms
 + Level 2.0 Staves
 + Level 2.0 Slings
 + Level 2.0 Bows
 + Level 2.0 Crossbows
 + Level 2.0 Throwing
 + Level 5.0 Armour
 + Level 3.3 Dodging
 + Level 2.0 Stealth
 + Level 2.0 Shields
 + Level 2.0 Unarmed Combat
 + Level 2.0 Spellcasting
 + Level 1.6 Conjurations
 + Level 1.6 Hexes
 + Level 1.6 Summonings
 + Level 1.6 Necromancy
 + Level 1.6 Translocations
 + Level 1.6 Transmutations
 + Level 1.6 Fire Magic
 + Level 1.6 Ice Magic
 + Level 1.6 Air Magic
 + Level 1.6 Earth Magic
 + Level 1.6 Poison Magic
 + Level 5.1 Invocations
 + Level 2.0 Evocations


You had 9 spell levels left.
You didn't know any spells.
Your spell library contained the following spells:

 Spells                   Type           Power      Damage    Failure   Level
 Animate Skeleton         Necr           6%         N/A       32%         1
 Apportation              Tloc           6%         N/A       32%         1
 Slow                     Hex            12%        N/A       32%         1
 Summon Small Mammal      Summ           12%        N/A       32%         1
 Confusing Touch          Hex            3%         N/A       67%         3
 Vampiric Draining        Necr           3%         2d6       67%         3


Dungeon Overview and Level Annotations

Branches:
Dungeon (4/15)
 Temple: D:4-7

Altars:


Innate Abilities, Weirdness & Mutations

You have very sharp teeth.
Your uncanny sense of smell can sniff out nearby items.
Your experience applies equally to all skills.


Message History

Unknown command.
The necrophage closely misses you.
You see here 4 gold pieces.
Unknown command.
You're too confused to move!
The necrophage hits you but does no damage.
The iguana bites you.
* * * LOW HITPOINT WARNING * * *
Unknown command.
You hit the necrophage.
The necrophage is heavily damaged.
You completely miss the iguana. The necrophage hits you.
* * * LOW HITPOINT WARNING * * *
You feel drained. The iguana misses you.
Unknown command.
The iguana closely misses you.
Unknown command.
Unknown command.
You hit the iguana but do no damage. Your bite misses the iguana.
The iguana is heavily wounded.
You hit the necrophage.
You feel less invigorated.
You feel less confused. The necrophage hits you.
You feel drained.
The iguana hisses menacingly.
The iguana closely misses you.
There is a stone staircase leading up here.
The necrophage hits you. The iguana bites you.
* * * LOW HITPOINT WARNING * * *
You climb upwards.
There is a stone staircase leading down here.
Unknown command.
The necrophage hits you.
* * * LOW HITPOINT WARNING * * *
You feel drained.
* * * LOW HITPOINT WARNING * * *
The iguana closely misses you.
You hit the iguana.
The iguana is heavily wounded.
The iguana bites you!
You die...

##.....##.....## ###....###.#
...............####....### #.####
......................## #..)..
.....................## #.....
...................### #.....
................######## #.....
................##.....# #.....
...............l.......#####.....
#..............#@................
..............####'''######.....<
######.####...#♣.......♣# #......
# #....>...#⌠.......⌠###......
#........#♣.......♣#........
#........#(........#........
#........##8.....8##........
#......[..##.♣⌠♣.###........
#..........############....#


You could see an iguana.

Vanquished Creatures
  The ghost of ChaosChampion the Skirmisher, an amateur HOFi (D:3)
  A necrophage (D:3)
  The ghost of niknal the Changer, a weakling OpTm (D:3)
  Jessica (D:3)
  2 adders (D:2)
  5 worms
  4 dart slugs
  11 endoplasms
  2 giant cockroaches
  4 goblins
  4 hobgoblins
  8 jackals
  8 kobolds
  4 ball pythons
  7 bats
  5 rats
68 creatures vanquished.

Notes
Turn   | Place    | Note
-------+----------+-------------------------------------------
     0 | Abyss:1  | Gargoyl the Gnoll Abyssal Knight began the quest for the
                  | Orb.
     0 | Abyss:1  | Reached XP level 1. HP: 23/23 MP: 3/3
    68 | Abyss:2  | Noticed a starcursed mass
    70 | Abyss:2  | Noticed a starcursed mass
    72 | D:1      | Escaped the Abyss
   462 | D:1      | Reached * piety under Lugonu
   463 | D:1      | Reached XP level 2. HP: 23/29 MP: 0/5
   559 | D:1      | Found a faded altar of an unknown god.
  1404 | D:2      | Reached XP level 3. HP: 34/35 MP: 6/6
  1703 | D:2      | Reached skill level 1 in Short Blades
  1703 | D:2      | Reached skill level 1 in Long Blades
  1703 | D:2      | Reached skill level 1 in Maces & Flails
  1703 | D:2      | Reached skill level 1 in Polearms
  1703 | D:2      | Reached skill level 1 in Staves
  1703 | D:2      | Reached skill level 1 in Slings
  1703 | D:2      | Reached skill level 1 in Bows
  1703 | D:2      | Reached skill level 1 in Crossbows
  1703 | D:2      | Reached skill level 1 in Throwing
  1703 | D:2      | Reached skill level 1 in Stealth
  1703 | D:2      | Reached skill level 1 in Shields
  1703 | D:2      | Reached skill level 1 in Unarmed Combat
  1703 | D:2      | Reached skill level 1 in Spellcasting
  1703 | D:2      | Reached skill level 1 in Evocations
  1788 | D:2      | Reached XP level 4. HP: 31/41 MP: 7/7
  2120 | D:2      | Reached ** piety under Lugonu
  2324 | D:3      | Reached skill level 1 in Conjurations
  2324 | D:3      | Reached skill level 1 in Hexes
  2324 | D:3      | Reached skill level 1 in Summonings
  2324 | D:3      | Reached skill level 1 in Necromancy
  2324 | D:3      | Reached skill level 1 in Translocations
  2324 | D:3      | Reached skill level 1 in Transmutations
  2324 | D:3      | Reached skill level 1 in Fire Magic
  2324 | D:3      | Reached skill level 1 in Ice Magic
  2324 | D:3      | Reached skill level 1 in Air Magic
  2324 | D:3      | Reached skill level 1 in Earth Magic
  2324 | D:3      | Reached skill level 1 in Poison Magic
  2556 | D:3      | Noticed a necrophage
  2571 | D:3      | Killed a necrophage
  2572 | D:3      | Reached XP level 5. HP: 30/47 MP: 8/8
  2790 | D:3      | Found a runed translucent gate.
  2791 | D:3      | Found a runed translucent gate.
  2792 | D:3      | Found a runed translucent gate.
  2794 | D:3      | Noticed niknal's ghost (weakling OpTm)
  2794 | D:3      | Noticed ChaosChampion's ghost (amateur HOFi)
  2992 | D:3      | Noticed Jessica
  2999 | D:3      | Killed Jessica
  3000 | D:3      | Reached skill level 5 in Invocations
  3230 | D:3      | Killed niknal's ghost
  3231 | D:3      | Reached XP level 6. HP: 47/53 MP: 9/9
  3241 | D:3      | Killed ChaosChampion's ghost
  3242 | D:3      | Reached skill level 5 in Axes
  3242 | D:3      | Reached skill level 5 in Armour
  3439 | D:4      | Noticed a necrophage
  3459 | D:4      | HP: 1/49 [iguana (6)]
  3475 | D:3      | Slain by an iguana

Illustrated notes

Levels and vault maps discovered:
D:1:      minmay_arrival_pointy, layout_basic, ebering_ecumenical_altar_rust
D:2:      layout_rooms, minmay_strange_pillars
D:3:      layout_rooms, serial_curves, eino_curves_02, eino_curves_03,
          eino_curves_01, gammafunk_ghost_cemetery, uniq_jessica
D:4:      layout_cave_pools, serial_bayou_pond_d

Skill      XL: |  1  2  3  4  5  6 |
---------------+-------------------+-----
Short Blades   | 1 2 |  2.0
Long Blades    | 1 2 |  2.0
Maces & Flails | 1 2 |  2.0
Polearms       | 1 2 |  2.0
Staves         | 1 2 |  2.0
Slings         | 1 2 |  2.0
Bows           | 1 2 |  2.0
Crossbows      | 1 2 |  2.0
Throwing       | 1 2 |  2.0
Stealth        | 1 2 |  2.0
Shields        | 1 2 |  2.0
Unarmed Combat | 1 2 |  2.0
Spellcasting   | 1 2 |  2.0
Evocations     | 1 2 |  2.0
Conjurations   | 1 |  1.6
Hexes          | 1 |  1.6
Summonings     | 1 |  1.6
Necromancy     | 1 |  1.6
Translocations | 1 |  1.6
Transmutations | 1 |  1.6
Fire Magic     | 1 |  1.6
Ice Magic      | 1 |  1.6
Air Magic      | 1 |  1.6
Earth Magic    | 1 |  1.6
Poison Magic   | 1 |  1.6
Dodging        | 3 |  3.3
Invocations    | 5 |  5.1
Axes           | 5 |  5.0
Armour         | 5 |  5.0
Fighting       | |  6.8

Action                   |  1- 3 |  4- 6 || total
-------------------------+-------+-------++-------
Melee: Hand axe          |   119 |   129 ||   248
       Bite              |    11 |     9 ||    20
       Punch             |       |     2 ||     2
Invok: Depart the Abyss  |     1 |       ||     1
  Use: Scroll            |     5 |     1 ||     6
       Potion            |       |     2 ||     2
 Stab: Sleeping          |     1 |       ||     1
Armor: Leather armour    |    42 |    13 ||    55
       Ring mail         |       |    17 ||    17
       Skin              |       |    32 ||    32
Dodge: Dodged            |   103 |    76 ||   179

Table legend: (Time is in decaauts)
 A = Elapsed time spent in this place.
 B = Non-inter-level travel time spent in this place.
 C = Inter-level travel time spent in this place.
 D = Time resting spent in this place.
 E = Time spent auto-exploring this place.
 F = Levels seen in this place.
 G = Mean time per level.
                   A        B        C        D        E       F      G
               +--------+--------+--------+--------+--------+-----+--------+
         Total |   3495 |   3438 |     57 |    185 |   2574 |   6 |  582.5 |
       Dungeon |   3420 |   3363 |     57 |    185 |   2553 |   4 |  855.0 |
         Abyss |     74 |     74 |      0 |      0 |     21 |   2 |   37.0 |
               +--------+--------+--------+--------+--------+-----+--------+

Top non-repeatable levels by time:
     D:1: 1330 daAuts
     D:3: 1147 daAuts
     D:2: 912 daAuts
 Abyss:2: 37 daAuts
 Abyss:1: 37 daAuts
     D:4: 29 daAuts
